[Event "98th Caplin Hastings Masters 2024-25"]
[Site "Hastings"]
[Date "2024.12.28"]
[Round "1.13"]
[White "Gormally, Daniel W"]
[Black "Brown, Thomas"]
[Result "1-0"]
[ECO "E70"]
[WhiteElo "2424"]
[BlackElo "2118"]
[Annotator "TA"]
[PlyCount "69"]
[EventDate "2024.12.23"]
[EventType "swiss"]
[EventCountry "ENG"]
[SourceTitle "playchess.com"]
[Source "ChessBase"]
[SourceQuality "1"]
[TimeControl "5400+30"]

1. d4 Nf6 2. c4 g6 3. Nc3 Bg7 4. e4 d6 5. Bd3 O-O 6. Nge2 Nc6 7. O-O a5 8. f3 e5 9. d5 Nd4 10. Be3 c5 11. Kh1 h5 12. Bg5 Qd7 13. Nxd4 cxd4 14. Ne2 (14. Nb5 $14) 14... Nh7 15. Bd2 Qe7 16. Qc2 Bd7 17. Rac1 b6 18. f4 f5 (18... Rfc8 $11) 19. Rce1 $1 $16 Rae8 20. Ng1 $2 (20. exf5 $1 $16 {[%cal Oe2d4] Threatens to win with Nxd4!.} e4 21. fxg6 exd3 (21... Nf6 22. Nxd4 exd3 23. Qxd3 $16) 22. gxh7+ Kh8 23. Qxd3) 20... Nf6 $1 $15 21. fxe5 (21. exf5 $2 {too greedy.} e4 22. Qc1 Bxf5 $19) 21... dxe5 {[%emt 0:00:26] Hoping for ...Nxe4.} 22. Bg5 $1 f4 23. Nf3 Qc5 $1 24. g3 fxg3 25. Qg2 {[%emt 0:00:40] [#] Repels Bh3} gxh2 $1 26. Nh4 Ng4 27. Nxg6 Rxf1+ 28. Rxf1 {[%emt 0:00:11] [#]} Qd6 $1 29. Nh4 Rf8 30. Nf5 {[%emt 0:00:09] Prevents Bh6.} Bxf5 31. exf5 Bh6 (31... Bf6 $5 32. Bh6 Rf7 $15) 32. Bh4 {[%emt 0:02:53] This pair of bishops is nice.} Kh8 (32... Bf4 $11) 33. f6 $1 $16 {[%emt 0:00:50] Chess con chili.} Nxf6 $2 (33... Bf4 $16) 34. Qg6 $1 (34. Qxh2 Ng4 35. Rxf8+ Qxf8 $17) 34... Ne4 35. Rxf8+ (35. Bxe4 Rxf1+ 36. Kxh2 Qxg6 37. Bxg6 Rf4 $19) 1-0

[Event "98th Caplin Hastings Masters 2024-25"]
[Site "Hastings"]
[Date "2024.12.28"]
[Round "1.14"]
[White "Golding, Alex"]
[Black "Dette, Jan"]
[Result "1-0"]
[ECO "B12"]
[WhiteElo "2405"]
[BlackElo "2102"]
[Annotator "TA"]
[PlyCount "67"]
[EventDate "2024.12.23"]
[EventType "swiss"]
[EventCountry "ENG"]
[SourceTitle "playchess.com"]
[Source "ChessBase"]
[SourceQuality "1"]
[TimeControl "5400+30"]

1. e4 c6 2. d4 d5 3. e5 c5 4. dxc5 e6 5. Nf3 Bxc5 6. Bd3 Nc6 7. O-O Nge7 8. Nbd2 Ng6 9. Nb3 {[%emt 0:00:43] And now Bxg6 would win.} Bb6 10. Re1 Qc7 11. Bxg6 hxg6 12. c3 Bd7 13. a4 a6 14. Be3 Bxe3 15. Rxe3 Rh5 16. Qe2 Ne7 (16... f6 $11) 17. Nbd4 $14 Rc8 18. g4 Rh6 (18... Rh8 $14) 19. Ng5 $16 {[%emt 0:01:22] A dynamic duo of knights.} Nc6 $1 20. Qf3 Nd8 $1 (20... Nxe5 $2 21. Rxe5 f6 22. Rae1 $18 (22. Ndxe6 $2 {loses.} Qxe5 23. Kf1 Bxe6 $19)) 21. h3 Qc5 22. Qf4 Qe7 23. b3 $36 {[%emt 0:01:21][%mdl 2048] White is pushing.} Rh8 24. Rae1 Nc6 25. Rf3 Rf8 26. Rfe3 {[%emt 0:06:51] White has more active pieces.} Rh8 27. Kg2 Nxd4 28. cxd4 b5 29. axb5 (29. Rf3 Rf8 30. axb5 Bxb5 $11) 29... Bxb5 30. Rf3 Rf8 31. Rc1 Rxc1 (31... Kd7 $16 32. Rfc3 (32. Nxf7 g5 $17) 32... Rc6 33. Rxc6 Bxc6) 32. Qxc1 $18 Qa7 $2 {[%emt 0:01:07] [#]} (32... Qb7 33. Qc5 Bd7) 33. Nxe6 $1 {[%emt 0:00:53][%mdl 512] White threatens Qc8+ and mate. Black is weak on the dark squares} Rh8 (33... Qd7 34. Nxg7+) 34. Qc8+ 1-0

[Event "98th Caplin Hastings Masters 2024-25"]
[Site "Hastings"]
[Date "2024.12.28"]
[Round "1.15"]
[White "Patel, Zain"]
[Black "Vestby-Ellingsen, Mads"]
[Result "0-1"]
[ECO "D04"]
[WhiteElo "2099"]
[BlackElo "2383"]
[Annotator "TA"]
[PlyCount "74"]
[EventDate "2024.12.23"]
[EventType "swiss"]
[EventCountry "ENG"]
[SourceTitle "playchess.com"]
[Source "ChessBase"]
[SourceQuality "1"]
[TimeControl "5400+30"]

1. d4 Nf6 2. Nf3 d5 3. e3 c5 4. Nbd2 Nc6 5. Bb5 Qb6 6. c4 e6 7. O-O cxd4 8. Nxd4 (8. Bxc6+ bxc6 9. exd4 a5 $14) 8... Bd6 9. cxd5 exd5 10. N2f3 O-O 11. b3 Nxd4 12. Nxd4 Be5 {[%emt 0:00:47] aiming for ...Bxd4.} 13. Be2 Ne4 14. Bb2 Qd6 15. f4 Bf6 16. Nb5 (16. Bd3 {simplifies} Re8 17. Bxe4 dxe4 18. Rf2) 16... Qe7 17. Ba3 Nc5 18. Rc1 b6 $1 (18... Qxe3+ $6 19. Kh1 b6 20. Nc7 $16 (20. Qxd5 $2 Qxe2 21. Qxa8 Bb7 $19)) 19. Qd2 (19. Qxd5 $2 Qxe3+ 20. Kh1 Qxe2 $19) 19... Re8 20. Bf3 (20. Qxd5 $2 Qxe3+ 21. Kh1 Qxe2 $19) (20. Rfe1 $11) 20... Ba6 $1 $15 (20... Qxe3+ $6 21. Qxe3 Rxe3 22. Bxd5 $14 (22. Bxc5 bxc5 23. Rfd1 Rb8 $16)) 21. Bxc5 $1 bxc5 22. a4 {[%emt 0:00:24] [#]} Rad8 $1 (22... Qxe3+ 23. Qxe3 Rxe3 24. Bxd5 $16) 23. Bxd5 {[%emt 0:02:26] [#]} (23. Rfe1 $17 {was necessary.}) 23... Bb7 $1 $19 (23... Rxd5 $2 24. Qxd5 Rc8 (24... Qxe3+ $2 25. Kh1 $18) 25. Rcd1 $18) 24. e4 a6 25. Nc3 {[%emt 0:00:48] aiming for e5.} Bd4+ {[%emt 0:00:10] A strong pair of Bishops.} 26. Kh1 Bxd5 27. Nxd5 Qxe4 28. Nc7 $2 (28. Nc3 {is the only way for White.} Qb7 29. Qc2) 28... Be3 29. Qa5 {[%emt 0:01:13] [#]} (29. Qc3 $142 Rd2 30. Rf3) 29... Rd2 $1 30. Rg1 (30. Qxd2 Bxd2) 30... Red8 {[%emt 0:01:08][%cal Od2g2] ( -> ...Rxg2!)} 31. Rce1 Qd3 (31... Qxf4 $142 32. Nxa6 Bxg1 33. Rxg1 c4 34. bxc4 Rd1) 32. Rgf1 {[%emt 0:01:40] [#]} (32. Qxa6 $142 Bxg1 (32... Qxb3 $2 33. Rgf1 $19) (32... Bxf4 33. Qc6 $15) 33. Qxd3 R2xd3 34. Kxg1) 32... Qg6 $1 33. Rg1 Qd3 $40 {[%emt 0:00:40][%mdl 128] Black has some attack.} (33... Bxg1 34. Qxd2 Bd4 35. Qe2 $11) 34. Rgf1 Qg6 35. Rg1 $1 Bxf4 {[%emt 0:00:30] ( -> ...Qh6)} ({Not} 35... Bxg1 36. Qxd2 Bd4 37. Qe2 $11) 36. Qxc5 Qh6 (36... Rc2 37. Qe7 Qd6 (37... Bxc7 38. Qe8+ Rxe8 39. Rxe8#) 38. Qe8+ Rxe8 39. Rxe8+ $14) 37. h3 {[%emt 0:01:14] [#]} Qxh3+ $3 0-1

[Event "98th Caplin Hastings Masters 2024-25"]
[Site "Hastings"]
[Date "2024.12.28"]
[Round "1.16"]
[White "Grutter, Tim"]
[Black "Verbin, Valentina"]
[Result "1-0"]
[ECO "C07"]
[WhiteElo "2379"]
[BlackElo "2093"]
[Annotator "TA"]
[PlyCount "67"]
[EventDate "2024.12.23"]
[EventType "swiss"]
[EventCountry "ENG"]
[SourceTitle "playchess.com"]
[Source "ChessBase"]
[SourceQuality "1"]
[TimeControl "5400+30"]

1. e4 e6 2. d4 d5 3. Nd2 c5 4. Ngf3 cxd4 5. Nxd4 Ne7 6. exd5 Nxd5 7. N2f3 Be7 8. c3 O-O 9. Bd3 Bf6 10. O-O e5 11. Nc2 Nc6 12. Be4 Be6 13. Qd3 h6 14. Rd1 Qc7 15. Bxh6 $1 $14 (15. Bxd5 Bxd5 16. Nd2 (16. Qxd5 $2 Rad8 $19) 16... Rad8 $17) 15... Nxc3 16. Bxg7 Bxg7 (16... Nxe4 $14 17. Bxf8 Nxf2 18. Kxf2 Qb6+ 19. Bc5 Qxc5+ 20. Ne3 Qb4) 17. Qxc3 $16 f5 $2 (17... Qe7 $16 {was called for.} 18. h4 Rac8) 18. Ng5 $1 $18 fxe4 19. Nxe6 {[%emt 0:00:09] A dynamic duo of knights.} Qb6 20. Nxf8 Rxf8 21. Qb3+ ({Much less strong is} 21. Ne3 Nd4 $18) 21... Qxb3 22. axb3 Nd4 23. Ne3 a6 24. b4 Ne2+ 25. Kf1 Nf4 26. Rd7 Nd3 27. f3 Nxb2 28. Ke2 exf3+ 29. gxf3 Rf7 30. Rxf7 Kxf7 31. Ra2 e4 32. fxe4 Bd4 33. Ra5 Bb6 34. Rh5 1-0

[Event "98th Caplin Hastings Masters 2024-25"]
[Site "Hastings"]
[Date "2024.12.28"]
[Round "1.17"]
[White "Cheng, Louis"]
[Black "Balaji, Aaravamudhan"]
[Result "0-1"]
[ECO "C55"]
[WhiteElo "2087"]
[BlackElo "2364"]
[Annotator "ChessBase"]
[PlyCount "131"]
[EventDate "2024.12.23"]
[EventType "swiss"]
[EventCountry "ENG"]
[SourceTitle "playchess.com"]
[Source "ChessBase"]
[SourceQuality "1"]
[TimeControl "5400+30"]

1. e4 e5 2. Nf3 Nc6 3. Bc4 Nf6 4. d3 Be7 5. Nc3 d6 6. a4 O-O 7. Bd2 h6 8. h3 Na5 9. Ba2 c5 10. Nd5 Nc6 11. O-O Kh8 12. c3 Nxd5 13. Bxd5 f5 14. b4 cxb4 15. cxb4 Bf6 16. Bc3 Ne7 17. Bb3 Ng6 18. Re1 Nf4 19. Bc2 Qe8 20. Bd2 fxe4 21. dxe4 Nxh3+ 22. gxh3 Bxh3 23. Ng5 Qg6 24. Ra3 Bxg5 25. Bxg5 Qxg5+ 26. Rg3 Qh4 27. Qxd6 Qf4 28. Re2 Bg4 29. Rd2 Rf6 30. Qd3 Be6 31. b5 Raf8 32. Bd1 Bc4 33. Qe3 Qxe3 34. Rxe3 Kh7 35. Rc2 Rg6+ 36. Rg3 Rxg3+ 37. fxg3 Bd3 38. Rd2 Bxe4 39. Be2 Rf7 40. a5 Re7 41. Kf2 Kg6 42. Ke3 Bf5 43. Rd6+ Kf7 44. Bc4+ Be6 45. Bxe6+ Rxe6 46. Rd8 e4 47. Rb8 b6 48. a6 Re7 49. Rc8 Ke6 50. Rd8 Ke5 51. Rd4 Kf5 52. Rd8 h5 53. Rf8+ Kg4 54. Rb8 g5 55. Rb7 Re5 56. Rxa7 Rxb5 57. Rb7 Kxg3 58. Kxe4 h4 59. Rg7 g4 60. Rd7 Ra5 61. a7 h3 62. Rd3+ Kh4 63. Rd7 h2 64. Ke3 h1=Q 65. Rh7+ Rh5 66. Kd4 0-1

[Event "98th Caplin Hastings Masters 2024-25"]
[Site "Hastings"]
[Date "2024.12.28"]
[Round "1.18"]
[White "Waldhausen Gordon, Frederick"]
[Black "Abrahams, Daniel"]
[Result "1-0"]
[ECO "D37"]
[WhiteElo "2355"]
[BlackElo "2072"]
[Annotator "TA"]
[PlyCount "63"]
[EventDate "2024.12.23"]
[EventType "swiss"]
[EventCountry "ENG"]
[SourceTitle "playchess.com"]
[Source "ChessBase"]
[SourceQuality "1"]
[TimeControl "5400+30"]

1. d4 Nf6 2. c4 e6 3. Nc3 d5 4. Nf3 Be7 5. Bf4 O-O 6. e3 Nbd7 7. c5 c6 8. h3 b6 9. b4 a5 10. a3 h6 {[%emt 0:00:10] The position is equal.} 11. Bd3 Ba6 {[%emt 0:00:24] And now ...Bxd3 would win.} 12. O-O Qc8 13. Qe2 Bxd3 14. Qxd3 Qb7 15. Qc2 Rfc8 16. g4 Bd8 17. Kh1 Bc7 18. g5 hxg5 19. Bxg5 axb4 20. axb4 Rxa1 21. Rxa1 Ra8 22. Rg1 Kf8 (22... bxc5 $11 23. bxc5 Ra3) 23. Bh4 {[%emt 0:03:07] Hoping for Ng5.} bxc5 24. bxc5 {[%emt 0:02:23] Ng5 would now be deadly.} Ra3 (24... Kg8 $11) 25. Ng5 $1 $14 {[%emt 0:12:53][%cal Og5f7] Black must now prevent Nxf7!} Kg8 {[%emt 0:03:29] [#] This costs Black the game.} (25... Qb3 $14 26. Nh7+ Ke8 27. Nxf6+ Nxf6 (27... gxf6 $2 28. Rg8+ Ke7 29. Qh7 $18) 28. Qxb3 Rxb3 29. Rxg7 Bd8) 26. Nxf7 $1 $18 {[%emt 0:04:45][%cal Oc2g6][%mdl 512] White threatens Qg6! and mate.} Qa8 $2 {[%emt 0:17:19] [#]} (26... Qc8 {is a better chance.} 27. Nb1 (27. Qg6 Qf8 $18) 27... Ra1) (26... Qb8 27. Nb1) 27. Qg6 Qf8 28. Ng5 $40 {[%emt 0:00:31][%mdl 128] Black is in trouble.} ({Don't do} 28. Bxf6 Nxf6 29. Ng5 (29. Qxf6 Qxf7 30. Qxf7+ Kxf7 $11) 29... Qe8 (29... Rxc3 $2 30. Nxe6 Qf7 31. Qxg7+ Qxg7 32. Rxg7+ Kh8 33. Rxc7 $18) 30. Qxe8+ (30. Nxe6 Qxg6 31. Rxg6 Kf7 $16) 30... Nxe8) 28... Rxc3 $2 (28... Qe8 29. Qxe8+ (29. Nxe6 Qxg6 30. Rxg6 Kf7 $14) 29... Nxe8) 29. Nxe6 Qf7 30. Qxg7+ (30. Nxc7 Qxg6 31. Rxg6 Kf7 $11) 30... Qxg7 31. Rxg7+ Kh8 32. Bxf6 {[%emt 0:00:08] Weighted Error Value: White=0.38/Black=0.43.  Loses game:     	---       	Black=1      Mistake:       	White=1     	Black=4      Inaccurate:     	White=1     	---        OK:         	White=7     	Black=5      Best:        	White=1     	Black=2      Strong:       	White=1     	---} 1-0

[Event "98th Caplin Hastings Masters 2024-25"]
[Site "Hastings"]
[Date "2024.12.28"]
[Round "1.19"]
[White "Zhang, Junyi"]
[Black "Siva Mahadevan"]
[Result "0-1"]
[ECO "C58"]
[WhiteElo "2070"]
[BlackElo "2349"]
[Annotator "TA"]
[PlyCount "66"]
[EventDate "2024.12.23"]
[EventType "swiss"]
[EventCountry "ENG"]
[SourceTitle "playchess.com"]
[Source "ChessBase"]
[SourceQuality "1"]
[TimeControl "5400+30"]

1. e4 e5 2. Nf3 Nc6 3. Bc4 Nf6 4. Ng5 d5 5. exd5 Na5 6. Bb5+ c6 7. dxc6 bxc6 8. Bd3 Nd5 9. Nf3 (9. Nxh7 $2 Nf4 10. Be4 Rxh7 $19) 9... Bd6 10. O-O O-O {[%emt 0:00:14] The position is equal.} 11. Re1 f5 12. Nxe5 Qf6 $1 13. Nf3 {[%emt 0:00:09] Strongly threatening Bf1.} g5 $1 14. c4 (14. g3 $5) 14... Nf4 15. Bf1 {[%emt 0:00:05] Black must now prevent d4.} g4 16. d4 gxf3 17. Qxf3 Ne6 (17... Qxd4 $2 18. Rd1 $18 (18. c5 Bc7 $11) (18. c5 Bc7 $11)) 18. Qc3 Nb7 19. c5 Bc7 $132 {[%emt 0:00:05][%mdl 2048] Black has counterplay} 20. b4 a5 {[%emt 0:00:16] ...axb4 would now be deadly.} (20... Qxd4 $6 21. Qxd4 Nxd4 22. Bc4+ $16) (20... Nxd4 $2 21. Bb2 Rd8 22. Bc4+ Kf8 (22... Kh8 $2 23. Nd2 $18) 23. Nd2 $16) 21. b5 cxb5 (21... Qxd4 $6 22. Bc4 Qxc3 (22... Qxc5 $2 23. Bb2 $18) 23. Nxc3 $16) (21... Nxd4 $2 22. Bb2 Rd8 (22... Be5 $2 23. Rxe5 Qxe5 24. Bc4+ Kg7 25. Qxd4 $18) 23. Na3 $16) 22. Bxb5 a4 (22... Qxd4 23. Bc4 Rd8 (23... Qxc5 $2 24. Bb2 $18) (23... Qxc3 24. Nxc3 Nbxc5 25. Ba3 $16) 24. Bg5 (24. Bxe6+ Bxe6 25. Bg5 Nxc5 $17) 24... Nbxc5 25. Bxd8 Qxc3 26. Nxc3) 23. Rd1 $2 {[%emt 0:24:03] [#]} (23. Bc4 $11) 23... Nbxc5 $1 {[%emt 0:05:05][%mdl 512] Black is more active.} 24. dxc5 {[%emt 0:07:26] [#] Hoping for Qxf6.} (24. Bc4 Rd8) 24... Be5 25. Qf3 Rb8 (25... Bxa1 26. Qxa8 Nxc5 27. Ba3 $18 (27. Bxa4 Be6 $16)) (25... Ra5 $19 26. Nc3 Bxc3) 26. Na3 $17 {[%emt 0:02:43] Rb1 is the strong threat.} Rxb5 (26... Bxa1 $2 27. Qg3+ (27. Bxa4 $2 Kh8 $19) 27... Kh8 28. Qxb8 $16) 27. Nxb5 Bxa1 28. c6 (28. Bd2 $17) 28... Be5 $19 29. Ba3 (29. h3 $17) 29... Rd8 30. Rxd8+ Qxd8 (30... Nxd8 31. Qd5+ Kg7 32. c7 Bxc7 33. Qd2 $19) 31. g3 Qd2 32. Qe3 {[%emt 0:02:28] Inhibits Ng5.} (32. Qh5 Ng7 (32... Qxa2 33. Qe8+ Kg7 34. Qxc8 $11) (32... Qe1+ $2 33. Kg2 $19) 33. Qf3) 32... Qd1+ ({Stronger than} 32... Qxa2 33. Qxe5 Ba6 34. Qb8+ (34. Qxf5 Bxb5 35. Qxb5 Qxa3 $17) 34... Kg7 35. Qa7+ Kg6 36. Qxa6 $16) 33. Kg2 Qd5+ {[%emt 0:00:04] Weighted Error Value: White=0.48/Black=0.06 (flawless) .  Mistake:       	White=4     	Black=1      Inaccurate:     	White=1     	---        OK:         	White=12    	Black=13     Best:        	White=2     	Black=3      Strong:       	---       	Black=2} 0-1

[Event "98th Caplin Hastings Masters 2024-25"]
[Site "Hastings"]
[Date "2024.12.28"]
[Round "1.20"]
[White "Roux, Baptiste"]
[Black "Byron, Alan M"]
[Result "1-0"]
[ECO "B10"]
[WhiteElo "2338"]
[BlackElo "2069"]
[Annotator "TA"]
[PlyCount "77"]
[EventDate "2024.12.23"]
[EventType "swiss"]
[EventCountry "ENG"]
[SourceTitle "playchess.com"]
[Source "ChessBase"]
[SourceQuality "1"]
[TimeControl "5400+30"]

1. e4 c6 2. d3 d5 3. Bf4 e6 4. Nf3 Ne7 5. Nbd2 Nd7 6. d4 a6 7. Bd3 c5 8. c4 cxd4 9. exd5 ({But not} 9. Nxd4 e5 10. exd5 exf4 $17 (10... exd4 11. O-O $11)) 9... Nc5 10. Bb1 exd5 11. O-O (11. Nxd4 $5 Ne6 12. Nxe6 Bxe6 13. O-O $14) 11... Ng6 12. Bg3 Ne6 13. cxd5 Qxd5 14. Be4 Qd8 15. Nb3 d3 16. Bxd3 Be7 17. Qc2 $36 {[%emt 0:01:09][%mdl 2048] White has some pressure.} O-O 18. Rad1 Qb6 $1 19. Ne5 Bf6 (19... Nc5 $14) 20. Nc4 $16 Qa7 21. Be4 (21. Rfe1 $16) 21... Nd4 (21... a5 $14) 22. Nxd4 Bxd4 23. Nd6 {[%emt 0:01:09] aiming for Bd5. White is much more active. The black rooks are passive.} Qb6 24. Rd2 (24. Bd5 $18) 24... Be6 {[%emt 0:01:45] Inhibits Qc4.} 25. Rfd1 Bf6 26. Nxb7 Rac8 {[%emt 0:01:08] Prevents Qc5} 27. Qb1 Bg5 (27... Bg4 $142) 28. Rd6 Qb4 29. R6d4 Qxd4 30. Rxd4 Rc1+ {[%emt 0:00:06] [#]} 31. Qxc1 $3 Bxc1 32. b3 f5 33. Nc5 $1 Bxb3 $2 (33... Bb2) 34. Nxb3 $18 Bb2 35. Bd5+ Kh8 36. Rd2 Rd8 37. f3 f4 38. Bf2 Bc3 39. Rd3 1-0

[Event "98th Caplin Hastings Masters 2024-25"]
[Site "Hastings"]
[Date "2024.12.28"]
[Round "1.21"]
[White "Bharat Kumar, Balahari"]
[Black "Lucas, Arthur"]
[Result "0-1"]
[ECO "D20"]
[WhiteElo "2063"]
[BlackElo "2335"]
[Annotator "TA"]
[PlyCount "84"]
[EventDate "2024.12.23"]
[EventType "swiss"]
[EventCountry "ENG"]
[SourceTitle "playchess.com"]
[Source "ChessBase"]
[SourceQuality "1"]
[TimeControl "5400+30"]

1. d4 d5 2. c4 dxc4 3. e3 e5 4. Bxc4 Nc6 5. Nf3 e4 6. Nfd2 (6. Qb3 $5 Nh6 7. Nfd2 $14) 6... Qg5 7. Kf1 f5 8. Nc3 {[%emt 0:05:10] The position is equal.} Bd6 9. h4 Qe7 10. a3 Nf6 11. b4 Nd8 12. Bb2 Be6 13. Rc1 O-O 14. g3 a5 15. Qb3 (15. Bxe6+ $11 Qxe6 (15... Nxe6 16. bxa5 Bxa3 17. Bxa3 $14) 16. b5) 15... axb4 $15 16. axb4 Bxb4 17. Bxe6+ Nxe6 18. d5 (18. Kg2 $15) 18... Rad8 {[%emt 0:08:22] Black is more active.} ({Black should play} 18... Bxc3 $17 19. Rxc3 Nc5) 19. Ndb1 $11 Bxc3 20. Ba3 (20. Nxc3 $11 Nc5 21. d6+ Qe6 (21... Nxb3 22. dxe7 Nxc1 23. exd8=R $16) 22. Qxe6+ Nxe6 23. dxc7 Nxc7 24. Nxe4) 20... Nc5 $15 21. Qxc3 b6 (21... Nxd5 $2 {perishes.} 22. Bxc5 (22. Qxc5 Qe6 $18) 22... Qe6 23. Qb2 $18) 22. Bxc5 bxc5 23. Qxc5 Rf7 24. Qxe7 Rxe7 25. Nc3 Nxd5 26. Rd1 Red7 27. Nxd5 Rxd5 28. Rxd5 Rxd5 {[%emt 0:00:03][%mdl 4096] Endgame. KR-KR} 29. Kg2 Kf7 30. Ra1 Ke6 31. Ra8 Rd7 (31... c5 $142 32. h5 h6) 32. Ra6+ (32. Kf1 $142) 32... Kd5 $17 {[%emt 0:00:26] ...c5 would now be deadly.} 33. Ra5+ {[%emt 0:00:11][%mdl 8192] Now White is beyond hope.} (33. Ra7 $17) 33... c5 $19 34. h5 Kc4 35. Ra8 Kd3 {[%emt 0:03:48] [#] White must now prevent ...c4.} 36. Rc8 c4 37. Kf1 c3 38. Ke1 c2 {[%emt 0:02:01] ( -> ...Rb7)} 39. Rc6 Rb7 {[%emt 0:00:10][%cal Rb7b1] Black mates.} 40. Rd6+ Kc3 41. Rc6+ Kb2 42. Kd2 {[%emt 0:00:38] [#]} c1=Q+ $1 {[%emt 0:02:18][%mdl 512] Weighted Error Value: White=0.81/Black=0.11 (very precise) .  Loses game:     	White=1     	---        Mistake:       	White=4     	Black=2      Inaccurate:     	White=1     	Black=1      OK:         	White=7     	Black=8      Best:        	---       	Black=6} 0-1

[Event "98th Caplin Hastings Masters 2024-25"]
[Site "Hastings"]
[Date "2024.12.28"]
[Round "1.22"]
[White "Lux, Hugo de Melo"]
[Black "Gorainow, Nikita"]
[Result "1/2-1/2"]
[ECO "B23"]
[WhiteElo "2327"]
[BlackElo "2045"]
[Annotator "RC"]
[PlyCount "46"]
[EventDate "2024.12.23"]
[EventType "swiss"]
[EventCountry "ENG"]
[SourceTitle "playchess.com"]
[Source "ChessBase"]
[SourceQuality "1"]
[TimeControl "5400+30"]

1. e4 c5 2. Nc3 e6 3. f4 d5 4. Nf3 dxe4 5. Nxe4 Nc6 6. b3 Be7 7. Bb2 Nf6 8. Qe2 O-O 9. g3 b6 10. Bg2 Bb7 11. Ne5 Nxe5 12. Nxf6+ Bxf6 13. fxe5 Bxg2 14. Qxg2 Bg5 15. h4 Be7 16. O-O Qd5 17. Rf3 Rad8 18. d3 f5 19. h5 b5 20. a4 c4 21. axb5 cxd3 22. c4 Qe4 23. Rf4 d2 1/2-1/2

[Event "98th Caplin Hastings Masters 2024-25"]
[Site "Hastings"]
[Date "2024.12.28"]
[Round "1.23"]
[White "Burrows, Martin P"]
[Black "Boswell, Jacob Connor"]
[Result "0-1"]
[ECO "B32"]
[WhiteElo "2042"]
[BlackElo "2277"]
[Annotator "ChessBase"]
[PlyCount "138"]
[EventDate "2024.12.23"]
[EventType "swiss"]
[EventCountry "ENG"]
[SourceTitle "playchess.com"]
[Source "ChessBase"]
[SourceQuality "1"]
[TimeControl "5400+30"]

1. e4 c5 2. Nf3 Nc6 3. d4 cxd4 4. Nxd4 e5 5. Nb5 d6 6. c4 Be6 7. N1c3 a6 8. Na3 g6 9. Be2 Nf6 10. Bg5 Bg7 11. Nc2 O-O 12. O-O Rc8 13. b3 Qa5 14. Bd2 Qc7 15. Rc1 Qb8 16. f3 Nh5 17. Be3 Nf4 18. Nd5 Nxe2+ 19. Qxe2 Bxd5 20. exd5 Ne7 21. Bb6 Bh6 22. Rcd1 Rce8 23. a4 Nc8 24. Be3 Bxe3+ 25. Nxe3 Qc7 26. b4 a5 27. Rb1 Nb6 28. bxa5 Nxa4 29. Qd2 Ra8 30. Rb5 Ra7 31. f4 Qe7 32. fxe5 Qxe5 33. Ng4 Qc3 34. Qf2 Nc5 35. Nf6+ Kg7 36. Ne8+ Kg8 37. Nf6+ Kh8 38. Qh4 Qe3+ 39. Kh1 h6 40. Ng4 Qg5 41. Qxg5 hxg5 42. Re1 Rfa8 43. h3 Rxa5 44. Rb6 Ra1 45. Rxa1 Rxa1+ 46. Kh2 Ra6 47. Rb1 Kg7 48. Ne3 f5 49. Nc2 Kf6 50. Nd4 Ra4 51. Rb6 Ra6 52. Rb1 Ke5 53. Nb5 Ke4 54. Re1+ Kd3 55. Nc7 Rb6 56. Re6 Kxc4 57. Rxg6 Ne4 58. Ne6 Kxd5 59. Nxg5 Rb3 60. Nf7 Rc3 61. h4 Rc7 62. Nh6 Ke5 63. g3 b5 64. Rg8 Rb7 65. Rf8 b4 66. Rxf5+ Ke6 67. Rf1 b3 68. Ng4 b2 69. Rb1 Nd2 0-1

[Event "98th Caplin Hastings Masters 2024-25"]
[Site "Hastings"]
[Date "2024.12.28"]
[Round "1.24"]
[White "Nielsen, Andre"]
[Black "Lishoy Gengis Paratazham, Dildarav"]
[Result "1/2-1/2"]
[ECO "C41"]
[WhiteElo "2276"]
[BlackElo "2037"]
[Annotator "RC"]
[PlyCount "55"]
[EventDate "2024.12.23"]
[EventType "swiss"]
[EventCountry "ENG"]
[SourceTitle "playchess.com"]
[Source "ChessBase"]
[SourceQuality "1"]
[TimeControl "5400+30"]

1. e4 d6 2. d4 Nf6 3. Nc3 e5 4. Nf3 Nbd7 5. g4 h6 6. Rg1 c6 7. Be3 Be7 8. Be2 Qa5 9. Qd2 b5 10. a3 b4 11. Na2 Nxe4 12. axb4 Qc7 13. Qd3 Nef6 14. dxe5 dxe5 15. Qb3 Nb6 16. g5 Be6 17. c4 Ng4 18. gxh6 gxh6 19. O-O-O Nxe3 20. fxe3 a5 21. bxa5 Rxa5 22. Nc3 Ra1+ 23. Kc2 Ra8 24. Nd2 Rb8 25. Qa2 Ra8 26. Qb3 Rb8 27. Qa2 Ra8 28. Qb1 1/2-1/2

[Event "98th Caplin Hastings Masters 2024-25"]
[Site "Hastings"]
[Date "2024.12.28"]
[Round "1.25"]
[White "Verbytski, Oleg"]
[Black "Bozinakis, Pavlos"]
[Result "0-1"]
[ECO "B92"]
[WhiteElo "2033"]
[BlackElo "2271"]
[Annotator "RC"]
[PlyCount "88"]
[EventDate "2024.12.23"]
[EventType "swiss"]
[EventCountry "ENG"]
[SourceTitle "playchess.com"]
[Source "ChessBase"]
[SourceQuality "1"]
[TimeControl "5400+30"]

1. e4 c5 2. Nf3 d6 3. d4 cxd4 4. Nxd4 Nf6 5. Nc3 a6 6. Be2 e5 7. Nb3 Be7 8. Be3 Be6 9. Bf3 Nbd7 10. O-O O-O 11. Re1 Rc8 12. a4 Nb6 13. Nd2 Qc7 14. a5 Nbd7 15. Nf1 Rfe8 16. h3 Bf8 17. Nh2 h6 18. Ng4 Nh7 19. h4 Bc4 20. g3 b5 21. Qd2 Be6 22. Nh2 Be7 23. Rec1 Nhf6 24. Nd5 Bxd5 25. exd5 e4 26. Be2 Ne5 27. b3 Qc3 28. Qd1 Nfd7 29. Bd4 Qc7 30. c4 bxc4 31. bxc4 Bf6 32. Ng4 Nxg4 33. Bxg4 Bxd4 34. Qxd4 Rb8 35. Bxd7 Qxd7 36. Rcb1 Qf5 37. Rb6 Rbc8 38. Re1 e3 39. Rxe3 Rxe3 40. Qxe3 Rxc4 41. Rxd6 Re4 42. Qd2 Qf3 43. Rd8+ Kh7 44. Qb2 Re1+ 0-1